 Dungeon Crawl Stone Soup version 0.19.0-19-g8c6edcc (webtiles) character file.

71 WhatTheFox the Firebug (level 4, 0/31 HPs)
             Began as a Demonspawn Fire Elementalist on Nov 14, 2016.
             Slain by an adder (1 damage)
             ... on level 3 of the Dungeon.
             The game lasted 00:14:25 (2470 turns).

WhatTheFox the Firebug (DsFE)                       Turns: 2470, Time: 00:14:26

Health: 0/31       AC:  4    Str:  8    XL:     4   Next: 5%
Magic:  0/8        EV: 12    Int: 18    God:
Gold:   110        SH:  0    Dex: 13    Spells: 1 memorised, 7 levels left

rFire  . . .     SeeInvis .     g - +0 short sword
rCold  . . .     Gourm    .     a - +0 robe
rNeg   . . .     Faith    .     (no shield)
rPois  .         Spirit   +     s - +1 hat
rElec  .         Reflect  .     (no cloak)
rCorr  .         Harm     .     d - +0 pair of gloves
MR     .....                    (no boots)
Stlth  ++........               (no amulet)
                                (no ring)
                                (no ring)

@: lethally poisoned (0 -> -2), flying, very slightly contaminated
A: horns 1, magic shield
a: no special abilities


You were on level 3 of the Dungeon.
You were very hungry.

You visited 1 branch of the dungeon, and saw 3 of its levels.

You collected 110 gold pieces.

Inventory:

Hand Weapons
 e - a +0 spear
 g - a +0 short sword (weapon)
 w - a +0 whip
Missiles
 j - 59 arrows
Armour
 a - a +0 robe (worn)
 d - a +0 pair of gloves (worn)
 m - a +0 chain mail
 o - a +0 robe
 p - a +0 robe
 s - a +1 hat (worn)
 t - a +0 leather armour
Wands
 r - a wand of lightning (0/15)
Scrolls
 h - 5 scrolls of identify {unknown}
 v - 2 scrolls of remove curse {unknown}
 y - a scroll of recharging {unknown}
 z - a scroll of fog {unknown}
Potions
 f - 2 potions of flight
 l - a potion of berserk rage {unknown}
 n - 3 potions of curing {unknown}
 u - a potion of ambrosia {unknown}
 x - a potion of agility {unknown}
Books
 b - a book of Flames

   Spells                             Type                      Level
   a - Flame Tongue                   Conjuration/Fire             1
   b - Throw Flame                    Conjuration/Fire             2
   c - Conjure Flame                  Conjuration/Fire             3
   d - Inner Flame                    Hexes/Fire                   3
   e - Sticky Flame                   Conjuration/Fire             4
   f - Fireball                       Conjuration/Fire             5
 i - a book of Misfortune

   Spells                             Type                      Level
   a - Confusing Touch                Hexes                        1
   b - Confuse                        Hexes                        3
   c - Gell's Gravitas                Hexes/Translocation          3
   d - Petrify                        Transmutation/Earth          4
   e - Metabolic Englaciation         Hexes/Ice                    5
   f - Yara's Violent Unravelling     Hexes/Transmutation          5
Comestibles
 c - a bread ration
 k - a slice of pizza
 q - 3 fruits


   Skills:
 + Level 0.8 Fighting
 + Level 0.8 Short Blades
 + Level 2.1 Dodging
 + Level 2.1 Stealth
 + Level 2.6 Spellcasting
 + Level 1.5 Conjurations
 + Level 3.1 Fire Magic


You had 7 spell levels left.
You knew the following spells:

 Your Spells              Type           Power        Failure   Level  Hunger
a - Flame Tongue          Conj/Fire      ##...        10%         1    #......


Dungeon Overview and Level Annotations

Branches:
Dungeon (3/15)

Altars:
Elyvilon


Innate Abilities, Weirdness & Mutations

You have a pair of small horns on your head.
When hurt, damage is shared between your health and your magic reserves.


Message History

The adder is heavily wounded.
The adder barely misses you. The adder bites you but does no damage.
The orc priest invokes the aid of Beogh against you.
Beogh smites you!
You closely miss the adder. The adder barely misses you. The adder bites you.
You are poisoned.
The adder poisons you!
You are feeling very hungry.
You closely miss the adder.
You feel sick. The adder bites you but does no damage.
The adder closely misses you.
The orc priest invokes the aid of Beogh against you.
Beogh smites you!
* * * LOW HITPOINT WARNING * * *
Casting: Flame Tongue
Confirm with . or Enter, or press ? or * to list all spells.
Okay, then.
It was a potion of flight.
You feel very buoyant.
You fly up into the air.
The adder bites you.
You die...

#......# .###
#......# ...
#......####.#
#...........####
#....o..........
#....o..........
####o##.........
#######S##...o.....
......S@##.........
.#########....o....
#..........#..
#..........# .
####..........#
#.............#
#.#####.......#
#......<........
#.#..####.######.#


You could see an orc priest, 2 adders and 2 orcs.

Vanquished Creatures
  An adder (D:2)
  A worm (D:2)
  4 dart slugs
  A leopard gecko (D:1)
  A giant cockroach (D:2)
  3 goblins
  9 hobgoblins
  A jackal (D:2)
  2 quokkas (D:2)
  7 bats
  4 frilled lizards
  6 kobolds
  8 rats
48 creatures vanquished.

Vanquished Creatures (others)
  2 jackals (D:2)
  A quokka (D:2)
3 creatures vanquished.

Grand Total: 51 creatures vanquished

Notes
Turn   | Place    | Note
-------+----------+-------------------------------------------
     0 | D:1      | WhatTheFox the Demonspawn Fire Elementalist began the quest for the Orb.
     0 | D:1      | Reached XP level 1. HP: 13/13 MP: 3/3
   321 | D:1      | Reached skill level 3 in Fire Magic
   483 | D:1      | Gained mutation: When hurt, damage is shared between your health and your magic reserves. [demonic ancestry]
   483 | D:1      | Reached XP level 2. HP: 15/19 MP: 3/5
  1406 | D:1      | Gained mutation: You have a pair of small horns on your head. [demonic ancestry]
  1406 | D:1      | Reached XP level 3. HP: 24/25 MP: 0/6
  1596 | D:2      | Found a white marble altar of Elyvilon.
  2354 | D:3      | Reached XP level 4. HP: 31/31 MP: 2/8
  2469 | D:3      | HP: 1/31 [orc priest/divine providence (14)]
  2470 | D:3      | Slain by an adder

Skill      XL: |  1  2  3 |
---------------+----------+-----
Fire Magic     | 3 |  3.1
Dodging        | 2 |  2.1
Stealth        | 2 |  2.1
Fighting       | |  0.8
Short Blades   | |  0.8
Spellcasting   | |  2.6
Conjurations   | |  1.5

Action                   |  1- 3 |  4- 6 || total
-------------------------+-------+-------++-------
Melee: Short sword       |    51 |     4 ||    55
       Spear             |     3 |       ||     3
       Headbutt          |     1 |       ||     1
 Cast: Flame Tongue      |    49 |     7 ||    56
Evoke: Wand              |     4 |       ||     4
  Use: Potion            |       |     1 ||     1
 Stab: Sleeping          |     2 |       ||     2
  Eat: Bread ration      |     1 |       ||     1
Armor: Robe              |    26 |     4 ||    30
       Chain mail        |     3 |       ||     3
Dodge: Dodged            |    46 |    10 ||    56
